 Dungeon Crawl Stone Soup version 0.29.0-4-gdea44cf6ec (webtiles) character file.

Game seed: 17606793131207165294

31784 qw the Severer (level 13, -3/124 HPs)
             Began as a Minotaur Berserker on Sept 5, 2022.
             Was a Priest of Trog.
             Drowned by a drowned soul (16 damage)
             ... summoned by a merfolk avatar
             ... on level 5 of the Lair of Beasts.
             The game lasted 00:05:17 (16957 turns).

qw the Severer (Minotaur Berserker)                Turns: 16957, Time: 00:05:18

Health: -3/124     AC: 26    Str: 26    XL:     13   Next: 27%
Magic:  10/10      EV: 25    Int:  5    God:    Trog [***...]
Gold:   741        SH:  6    Dex: 14    Spells: 12/12 levels left

rFire   . . .      SeeInvis .   Y - +0 war axe
rCold   x . .      Faith    .   l - +0 buckler
rNeg    . . .      Spirit   .   p - +3 plate armour of Makhleb's Fury {rElec rC- Int+2}
rPois   .          Reflect  .   (helmet restricted)
rElec   +          Harm     .   (no cloak)
rCorr   .          Rampage  .   q - +1 pair of gloves
Will    ++...      Clarity  +   a - +0 pair of boots
Stlth   ..........              n - amulet of the acrobat
HPRegen 1.30/turn               d - +4 ring of slaying {mikee}
MPRegen 0.12/turn               o - +4 ring of protection

@: strong-willed, on berserk cooldown, acrobatic, regenerating, slowed, very
slow
A: horns 2, retaliatory headbutt, agile 1, clarity, low MP 1
a: Renounce Religion, Berserk, Trog's Hand


You were on level 5 of the Lair of Beasts.
You worshipped Trog.
Trog was most pleased with you.
You visited 2 branches of the dungeon, and saw 13 of its levels.

You collected 741 gold pieces.


Innate Abilities, Weirdness & Mutations

You have a pair of horns on your head.
You reflexively headbutt those who attack you in melee.
You are agile. (Dex +4, Str/Int -1)
You possess an exceptional clarity of mind.
Your magical capacity is low. (-10% MP)


   Skills:
 - Level 14.0 Fighting
 - Level 16.0 Axes
 - Level 5.9 Throwing
 - Level 12.0 Armour
 + Level 6.4 Dodging
 - Level 9.0 Shields


You had 12 spell levels left.
You didn't know any spells.
Your spell library was empty.

Inventory:

Hand Weapons
 k - a +0 flail
 Y - a +0 war axe (weapon)
Armour
 a - a +0 pair of boots (worn)
 l - a +0 buckler (worn)
 p - the +3 plate armour of Makhleb's Fury (worn) {rElec rC- Int+2}
   (You found it on level 8 of the Dungeon)

   Int:       It affects your intelligence (+2).
   rC:        It makes you vulnerable to cold.
   rElec:     It insulates you from electricity.
 q - a +1 pair of gloves (worn)
Jewellery
 d - a +4 ring of slaying (left hand) {mikee}
 n - an amulet of the acrobat (around neck)
 o - a +4 ring of protection (right hand)
 u - the ring of Divine Intervention {rElec SInv}
   (You found it on level 1 of the Lair of Beasts)

   [ring of see invisible]

   rElec:     It insulates you from electricity.
   SInv:      It lets you see invisible.
Scrolls
 h - a scroll of identify
Potions
 b - 2 potions of might
 c - a potion of resistance
 e - 10 potions of curing
 f - 6 potions of heal wounds
 g - a potion of haste
 j - 2 potions of mutation

Dungeon Overview and Level Annotations

Branches:
Dungeon (8/15)             Temple (0/1) D:7            Lair (5/5) D:8
 Shoals (0/4) Lair:2       Spider (0/4) Lair:3        Slime (0/5) Lair:4

Altars:
Hepliaklqana
Vehumet
Xom
Jiyva
Lugonu

Annotations:
D:6 2 runed translucent doors
D:7 2 transporters
Lair:3 1 runed translucent door, qw's ghost, journeyman GrBe
Lair:4 1 runed translucent door


Message History

The drowned soul returns to the deep!
You are no longer berserk.
You are exhausted.
You feel yourself slow down.
16948 ||| INVOKING Trog's Hand.
Your skin crawls.
You feel strong-willed.
You can no longer call in reinforcements.
The merfolk avatar chants a haunting song.
You are unaffected.
You hit the drowned soul.
The drowned soul is moderately damaged.
The drowned soul touches you. The drowned soul drowns you!
You enter the shallow water.
Moving in this stuff is going to be slow.
The merfolk avatar chants a haunting song.
You are unaffected.
You see here a +0 battleaxe.
You hit the drowned soul.
The drowned soul is lightly damaged.
You hit the merfolk avatar.
16952 ||| Stepping ~*~*~tactically~*~*~ (water).
The drowned soul touches you. The drowned soul drowns you!
The merfolk avatar chants a haunting song.
You are unaffected.
The drowned soul touches you. The drowned soul drowns you!
The merfolk avatar chants a haunting song.
You are unaffected.
16953 ||| FLEEEEING.
You enter the shallow water.
Moving in this stuff is going to be slow.
The drowned soul touches you. The drowned soul drowns you!
You see here a +0 battleaxe.
Your unstable footing causes you to fumble your attack.
Your unstable footing causes you to fumble your attack.
16957 ||| Stepping ~*~*~tactically~*~*~ (water).
You block the drowned soul's attack. x2; The drowned soul touches you.
The drowned soul drowns you!
The merfolk avatar chants a haunting song.
You are unaffected.
The drowned soul touches you. The drowned soul drowns you!
The drowned soul touches you. The drowned soul drowns you!
You die...

### ###########~# #}~
~~~~}.8~~#. ~~ #~.~
~~~~~#~~~~~~~.~ #~~~~
~~~~#~~~#~~~~.#
#~~#~####8~#P#~#~#~...###
#~~~=!!|#~~~~~~#~~#.....#
#!~W[.~~~~8~~~~~~....#
#)~m)@~~~~.~~~~~~#....
#?!W$#~~~~~~~~#~~.....
######8~#~#.#~##~....#
~~~~~#~~~~~~~~...#
..P~~~#~~~~.~~~...##
~~#~.~}#8~~#~~#.....#
#~~~##.#####~~~.....# ~~
~~~ ~~. ~~~~~.~~~~...|.#
.~ ~P~ ~~~~~~~....##


You could see a merfolk avatar and 2 drowned souls.

Vanquished Creatures
  A dire elephant (Lair:5)
  3 hydras
  A centaur warrior (D:8)
  2 two-headed ogres (D:7)
  3 death yaks (Lair:5)
  A tengu warrior (D:8)
  Sonja (Lair:3)
  A sea snake (Lair:5)
  4 oklob plants (Lair:4)
  2 manticores
  A cyclops (D:8)
  A merfolk siren (Lair:2)
  An ugly thing (D:8)
  4 black mambas
  6 elephants (Lair:2)
  8 cane toads
  A rime drake (Lair:3)
  A rime drake (shapeshifter) (D:8)
  2 komodo dragons (Lair:5)
  A yaktaur (D:8)
  A troll (D:8)
  A hornet (Lair:5)
  4 polar bears
  A wind drake (Lair:5)
  Prince Ribbit (D:6)
  7 blink frogs (Lair:5)
  A snapping turtle (Lair:5)
  Sigmund (D:5)
  A spriggan (D:7)
  A wyvern (Lair:5)
  Eustachio (D:4)
  A wraith (D:8)
  3 basilisks
  8 yaks
  2 steam dragons
  A vampire mosquito (D:8)
  15 water moccasins
  2 orc warriors
  3 black bears
  4 ice beasts
  A centaur (D:8)
  5 ogres
  10 wolves
  10 bullfrogs
  2 gnoll sergeants
  A kobold brigand (D:8)
  2 necrophages
  7 scorpions
  4 wights (D:7)
  4 killer bees (D:8)
  4 howler monkeys
  3 electric eels
  4 lava snakes (Lair:4)
  4 jellies
  3 orc priests
  7 hounds
  2 gnoll boudas (D:7)
  10 iguanas
  3 orc wizards
  6 hell rats (Lair:3)
  23 gnolls
  7 adders
  2 white imps (D:7)
  2 ufetubi (D:6)
  3 worms
  25 orcs
  10 ball pythons
  5 bats
  5 endoplasms
  3 giant cockroaches
  11 goblins
  12 hobgoblins
  15 jackals
  12 kobolds
  3 quokkas
  A frilled lizard (D:1)
  5 rats
340 creatures vanquished.

Vanquished Creatures (collateral kills)
  A hydra (Lair:3)
  A cane toad (Lair:3)
2 creatures vanquished.

Vanquished Creatures (others)
  A lava snake (Lair:4)
  A hell rat (Lair:3)
  24 fungi
  46 plants
72 creatures vanquished.

Grand Total: 414 creatures vanquished

Notes
Turn   | Place    | Note
-------+----------+-------------------------------------------
     0 | D:1      | qw the Minotaur Berserker began the quest for the Orb.
     0 | D:1      | Reached XP level 1. HP: 19/19 MP: 0/0
     0 | D:1      | 0 ||| qw: Version: 0.1-a-104-g96f76f8
     0 | D:1      | 0 ||| qw: Game counter: 6013
     0 | D:1      | 0 ||| qw: Always use a shield: true
     0 | D:1      | 0 ||| qw: Do Orc after D:15 true
     0 | D:1      | 0 ||| qw: Do second Lair branch before Depths: true
     0 | D:1      | 0 ||| qw: Lair rune preference: random
     0 | D:1      | 0 ||| qw: Plans: Normal
     0 | D:1      | 0 ||| PLANNING D:1-11
    54 | D:1      | Reached skill level 4 in Axes
   166 | D:1      | 166 ||| SWAPPING to +0 war axe.
   200 | D:1      | 200 ||| DROPPING +0 hand axe.
   205 | D:1      | Reached XP level 2. HP: 26/26 MP: 1/1
   342 | D:1      | 342 ||| Stepping ~*~*~tactically~*~*~ (stealth).
   398 | D:1      | 398 ||| Stepping ~*~*~tactically~*~*~ (stealth).
   400 | D:1      | 400 ||| Stepping ~*~*~tactically~*~*~ (stealth).
   770 | D:1      | Reached skill level 5 in Axes
  1090 | D:1      | 1090 ||| UPGRADING to +0 scale mail.
  1100 | D:1      | 1100 ||| DROPPING +0 animal skin.
  1101 | D:1      | 1101 ||| DROPPING scarf of invisibility.
  1102 | D:1      | 1102 ||| UPGRADING to +6 ring of strength.
  1103 | D:1      | 1103 ||| READING scroll labelled IHISSEPUHAR.
  1107 | D:1      | 1107 ||| READING scroll labelled FADIK TILON.
  1160 | D:2      | Reached XP level 3. HP: 31/31 MP: 2/2
  1180 | D:2      | 1180 ||| FLEEEEING.
  1265 | D:2      | Reached ** piety under Trog
  1339 | D:2      | 1339 ||| INVOKING Berserk.
  1670 | D:2      | Reached XP level 4. HP: 39/39 MP: 3/3
  1697 | D:2      | Reached skill level 6 in Axes
  1709 | D:2      | Found a faded altar of an unknown god.
  1742 | D:2      | 1742 ||| UPGRADING to ring of positive energy.
  1743 | D:2      | 1743 ||| UPGRADING to +4 ring of slaying {mikee}.
  1745 | D:2      | 1745 ||| UPGRADING to +6 ring of strength.
  1747 | D:2      | 1747 ||| DROPPING ring of positive energy.
  1748 | D:2      | 1748 ||| DRINKING 2 puce potions.
  1748 | D:2      | Gained mutation: Your magical capacity is low. (-10% MP)
                  | [potion of mutation]
  1748 | D:2      | Gained mutation: You possess an exceptional clarity of
                  | mind. [potion of mutation]
  1748 | D:2      | Gained mutation: You are agile. (Dex +4, Str/Int -1)
                  | [potion of mutation]
  1867 | D:3      | 1867 ||| DROPPING +0 club.
  1923 | D:3      | 1923 ||| Stepping ~*~*~tactically~*~*~ (stealth).
  1924 | D:3      | 1924 ||| Stepping ~*~*~tactically~*~*~ (stealth).
  2103 | D:3      | 2103 ||| Stepping ~*~*~tactically~*~*~ (stealth).
  2104 | D:3      | 2104 ||| Stepping ~*~*~tactically~*~*~ (stealth).
  2117 | D:3      | 2117 ||| Stepping ~*~*~tactically~*~*~ (stealth).
  2119 | D:3      | 2119 ||| Stepping ~*~*~tactically~*~*~ (stealth).
  2127 | D:3      | 2127 ||| Stepping ~*~*~tactically~*~*~ (stealth).
  2150 | D:3      | 2150 ||| Stepping ~*~*~tactically~*~*~ (stealth).
  2152 | D:3      | Reached skill level 1 in Throwing
  2156 | D:3      | 2156 ||| INVOKING Berserk.
  2366 | D:3      | 2366 ||| Stepping ~*~*~tactically~*~*~ (hiding).
  2372 | D:3      | 2372 ||| INVOKING Berserk.
  2375 | D:3      | Reached XP level 5. HP: 45/45 MP: 3/3
  2482 | D:3      | 2482 ||| Stepping ~*~*~tactically~*~*~ (stealth).
  2539 | D:3      | 2539 ||| UPGRADING to +0 pair of boots.
  2544 | D:3      | 2544 ||| UPGRADING to +0 chain mail.
  2557 | D:3      | 2557 ||| DROPPING +0 scale mail.
  2566 | D:3      | 2566 ||| DROPPING ring of protection from cold.
  2567 | D:3      | 2567 ||| READING scroll labelled DOFUKH ZEQASHOE.
  2568 | D:3      | 2568 ||| DRINKING 3 metallic inky potions.
  2569 | D:3      | 2569 ||| READING 2 scrolls of identify.
  2569 | D:3      | 2569 ||| IDENTIFYING black potion
  2570 | D:3      | 2570 ||| DROPPING potion of degeneration.
  2591 | D:4      | 2591 ||| INVOKING Berserk.
  2591 | D:4      | Noticed Eustachio
  2594 | D:4      | Reached skill level 7 in Axes
  2599 | D:4      | Killed Eustachio
  2600 | D:4      | Reached skill level 8 in Axes
  2600 | D:4      | Reached XP level 6. HP: 52/52 MP: 4/4
  2730 | D:4      | Found a shimmering altar of Xom.
  2763 | D:4      | Reached *** piety under Trog
  2871 | D:4      | 2871 ||| Stepping ~*~*~tactically~*~*~ (stealth).
  2878 | D:4      | 2878 ||| Stepping ~*~*~tactically~*~*~ (stealth).
  2934 | D:4      | You fall into a shaft and drop 2 floors!
  2970 | D:6      | 2970 ||| Stepping ~*~*~tactically~*~*~ (hiding).
  2971 | D:6      | Noticed Prince Ribbit
  2972 | D:6      | 2972 ||| INVOKING Berserk.
  2974 | D:6      | Noticed an orc warrior
  2977 | D:6      | Reached skill level 9 in Axes
  2977 | D:6      | Reached XP level 7. HP: 59/59 MP: 5/5
  2979 | D:6      | Killed Prince Ribbit
  3131 | D:6      | 3131 ||| READING scroll labelled EPOROP VEILOMEU.
  3132 | D:6      | 3132 ||| DRINKING 3 bubbling amethyst potions.
  3133 | D:6      | 3133 ||| DRINKING 2 fuming white potions.
  3134 | D:6      | 3134 ||| READING 2 scrolls of identify.
  3134 | D:6      | 3134 ||| IDENTIFYING dark potion
  3135 | D:6      | 3135 ||| DROPPING potion of attraction.
  3136 | D:6      | 3136 ||| DROPPING potion of brilliance.
  3145 | D:5      | Entered Level 5 of the Dungeon
  3149 | D:5      | 3149 ||| INVOKING Berserk.
  3159 | D:5      | Reached skill level 10 in Axes
  3159 | D:5      | Reached XP level 8. HP: 68/68 MP: 6/6
  3300 | D:5      | 3300 ||| INVOKING Berserk.
  3463 | D:5      | 3463 ||| READING scroll labelled VUTZUPUNIY.
  3639 | D:4      | 3639 ||| Stepping ~*~*~tactically~*~*~ (stealth).
  3646 | D:4      | Reached skill level 6 in Fighting
  3646 | D:4      | 3646 ||| Stepping ~*~*~tactically~*~*~ (stealth).
  3649 | D:4      | 3649 ||| Stepping ~*~*~tactically~*~*~ (stealth).
  3651 | D:4      | 3651 ||| Stepping ~*~*~tactically~*~*~ (stealth).
  3659 | D:4      | 3659 ||| Stepping ~*~*~tactically~*~*~ (stealth).
  3736 | D:4      | Found a radiant altar of Vehumet.
  3749 | D:4      | 3749 ||| INVOKING Berserk.
  3781 | D:4      | Reached skill level 11 in Axes
  3897 | D:4      | 3897 ||| DROPPING +0 whip.
  3994 | D:4      | 3994 ||| Stepping ~*~*~tactically~*~*~ (stealth).
  3996 | D:4      | 3996 ||| Stepping ~*~*~tactically~*~*~ (stealth).
  3997 | D:4      | 3997 ||| Stepping ~*~*~tactically~*~*~ (stealth).
  3999 | D:4      | 3999 ||| INVOKING Berserk.
  4002 | D:4      | Reached skill level 3 in Throwing
  4224 | D:4      | 4224 ||| UPGRADING to +4 ring of protection.
  4226 | D:4      | 4226 ||| DROPPING +6 ring of strength.
  4227 | D:4      | 4227 ||| READING scroll labelled MYIMOA DEUNIJ.
  4228 | D:4      | 4228 ||| READING scroll labelled ZABBYCWUIMN.
  4229 | D:4      | 4229 ||| READING scroll labelled QOVEUTHR QA QAU.
  4230 | D:4      | 4230 ||| READING scroll labelled ZATIPA XE WISI.
  4231 | D:4      | 4231 ||| READING 4 scrolls of teleportation.
  4311 | D:5      | 4311 ||| Stepping ~*~*~tactically~*~*~ (stealth).
  4363 | D:5      | Noticed Sigmund
  4365 | D:5      | 4365 ||| INVOKING Berserk.
  4370 | D:5      | Killed Sigmund
  4530 | D:5      | Reached skill level 12 in Axes
  4592 | D:5      | Reached XP level 9. HP: 78/78 MP: 7/7
  4860 | D:6      | Reached skill level 3 in Dodging
  4876 | D:6      | Reached **** piety under Trog
  4879 | D:6      | 4879 ||| INVOKING Berserk.
  5013 | D:6      | 5013 ||| Stepping ~*~*~tactically~*~*~ (stealth).
  5014 | D:6      | 5014 ||| Stepping ~*~*~tactically~*~*~ (stealth).
  5015 | D:6      | 5015 ||| Stepping ~*~*~tactically~*~*~ (stealth).
  5036 | D:6      | Reached skill level 13 in Axes
  5082 | D:6      | 5082 ||| Stepping ~*~*~tactically~*~*~ (hiding).
  5083 | D:6      | 5083 ||| Stepping ~*~*~tactically~*~*~ (hiding).
  5085 | D:6      | 5085 ||| Stepping ~*~*~tactically~*~*~ (stealth).
  5086 | D:6      | 5086 ||| INVOKING Berserk.
  5232 | D:6      | 5232 ||| INVOKING Berserk.
  5430 | D:6      | Found a runed translucent door.
  5437 | D:6      | Found a runed translucent door.
  5543 | D:6      | 5543 ||| Stepping ~*~*~tactically~*~*~ (stealth).
  5550 | D:6      | 5550 ||| Stepping ~*~*~tactically~*~*~ (stealth).
  5551 | D:6      | 5551 ||| Stepping ~*~*~tactically~*~*~ (stealth).
  5555 | D:6      | 5555 ||| INVOKING Berserk.
  5834 | D:6      | 5834 ||| READING scroll labelled KOFOBY UWIPY.
  5950 | D:7      | 5950 ||| INVOKING Berserk.
  6041 | D:7      | 6041 ||| Stepping ~*~*~tactically~*~*~ (hiding).
  6046 | D:7      | 6046 ||| INVOKING Berserk.
  6054 | D:7      | Reached skill level 14 in Axes
  6116 | D:7      | Found a staircase to the Ecumenical Temple.
  6139 | D:7      | 6139 ||| FLEEEEING.
  6140 | D:7      | 6140 ||| FLEEEEING.
  6141 | D:7      | 6141 ||| FLEEEEING.
  6142 | D:7      | 6142 ||| FLEEEEING.
  6143 | D:7      | 6143 ||| FLEEEEING.
  6144 | D:7      | 6144 ||| FLEEEEING.
  6145 | D:7      | 6145 ||| FLEEEEING.
  6146 | D:7      | 6146 ||| FLEEEEING.
  6147 | D:7      | 6147 ||| FLEEEEING.
  6148 | D:7      | 6148 ||| FLEEEEING.
  6149 | D:7      | 6149 ||| FLEEEEING.
  6150 | D:7      | 6150 ||| FLEEEEING.
  6151 | D:7      | 6151 ||| FLEEEEING.
  6152 | D:7      | 6152 ||| FLEEEEING.
  6153 | D:7      | 6153 ||| FLEEEEING.
  6154 | D:7      | 6154 ||| FLEEEEING.
  6269 | D:7      | 6269 ||| INVOKING Berserk.
  6273 | D:7      | Reached XP level 10. HP: 88/88 MP: 8/8
  6452 | D:7      | 6452 ||| Stepping ~*~*~tactically~*~*~ (stealth).
  6476 | D:7      | Noticed a two-headed ogre
  6476 | D:7      | Noticed a two-headed ogre
  6480 | D:7      | 6480 ||| INVOKING Berserk.
  6483 | D:7      | Killed a two-headed ogre
  6484 | D:7      | Reached skill level 15 in Axes
  6487 | D:7      | Killed a two-headed ogre
  6488 | D:7      | Reached skill level 9 in Fighting
  6620 | D:7      | Found the +12 pair of quick blades "Gyre" and "Gimble"
                  | {protect}
  6786 | D:7      | Found a transporter.
  6787 | D:7      | Found a corrupted altar of Lugonu.
  6787 | D:7      | Noticed a white ugly thing
  6787 | D:7      | Noticed a purple ugly thing
  6788 | D:7      | Noticed a brown ugly thing
  6843 | D:7      | 6843 ||| Stepping ~*~*~tactically~*~*~ (hiding).
  6880 | D:7      | Found a transporter.
  6906 | D:7      | 6906 ||| Stepping ~*~*~tactically~*~*~ (hiding).
  6912 | D:7      | 6912 ||| INVOKING Berserk.
  7139 | D:7      | 7139 ||| UPGRADING to +0 plate armour.
  7149 | D:7      | 7149 ||| DROPPING +0 chain mail.
  7150 | D:7      | 7150 ||| DRINKING 2 bubbling yellow potions.
  7151 | D:7      | 7151 ||| READING 2 scrolls of identify.
  7151 | D:7      | 7151 ||| IDENTIFYING fuming dark potion
  7152 | D:7      | 7152 ||| DROPPING potion of magic.
  7208 | D:8      | 7208 ||| Stepping ~*~*~tactically~*~*~ (stealth).
  7210 | D:8      | 7210 ||| INVOKING Berserk.
  7219 | D:8      | Reached skill level 6 in Armour
  7230 | D:8      | HP: 19/91 [wolf (7)]
  7231 | D:8      | 7231 ||| READING 3 scrolls of teleportation.
  7231 | D:8      | HP: 5/91 [wolf (8)]
  7232 | D:8      | 7232 ||| DRINKING 6 potions of heal wounds.
  7546 | D:8      | 7546 ||| Stepping ~*~*~tactically~*~*~ (stealth).
  7587 | D:8      | 7587 ||| Stepping ~*~*~tactically~*~*~ (hiding).
  7655 | D:8      | 7655 ||| FLEEEEING.
  7656 | D:8      | 7656 ||| FLEEEEING.
  7657 | D:8      | 7657 ||| FLEEEEING.
  7658 | D:8      | 7658 ||| FLEEEEING.
  7659 | D:8      | 7659 ||| FLEEEEING.
  7660 | D:8      | 7660 ||| FLEEEEING.
  7661 | D:8      | 7661 ||| FLEEEEING.
  7662 | D:8      | 7662 ||| FLEEEEING.
  7663 | D:8      | 7663 ||| FLEEEEING.
  7664 | D:8      | 7664 ||| FLEEEEING.
  7665 | D:8      | 7665 ||| FLEEEEING.
  7666 | D:8      | 7666 ||| FLEEEEING.
  7674 | D:8      | 7674 ||| FLEEEEING.
  7675 | D:8      | 7675 ||| FLEEEEING.
  7676 | D:8      | 7676 ||| FLEEEEING.
  7677 | D:8      | 7677 ||| FLEEEEING.
  7678 | D:8      | 7678 ||| FLEEEEING.
  7679 | D:8      | 7679 ||| FLEEEEING.
  7680 | D:8      | 7680 ||| FLEEEEING.
  7681 | D:8      | 7681 ||| FLEEEEING.
  7684 | D:8      | 7684 ||| FLEEEEING.
  7685 | D:8      | 7685 ||| FLEEEEING.
  7686 | D:8      | 7686 ||| FLEEEEING.
  7687 | D:8      | 7687 ||| FLEEEEING.
  7688 | D:8      | 7688 ||| FLEEEEING.
  7689 | D:8      | 7689 ||| FLEEEEING.
  7690 | D:8      | 7690 ||| FLEEEEING.
  7691 | D:8      | 7691 ||| FLEEEEING.
  7692 | D:8      | 7692 ||| FLEEEEING.
  7693 | D:8      | 7693 ||| FLEEEEING.
  7694 | D:8      | 7694 ||| FLEEEEING.
  7694 | D:8      | HP: 21/91 [poisoned by a kobold brigand]
  7695 | D:8      | 7695 ||| FLEEEEING.
  7696 | D:8      | 7696 ||| FLEEEEING.
  7697 | D:8      | 7697 ||| FLEEEEING.
  7699 | D:8      | HP: 14/91 [poisoned by a kobold brigand]
  7701 | D:8      | 7701 ||| FLEEEEING.
  7702 | D:8      | 7702 ||| FLEEEEING.
  7713 | D:8      | 7713 ||| FLEEEEING.
  7714 | D:8      | 7714 ||| FLEEEEING.
  7714 | D:8      | HP: 13/91 [poisoned by a kobold brigand]
  7715 | D:8      | 7715 ||| FLEEEEING.
  7716 | D:8      | 7716 ||| FLEEEEING.
  7717 | D:8      | 7717 ||| FLEEEEING.
  7718 | D:8      | 7718 ||| FLEEEEING.
  7719 | D:8      | 7719 ||| FLEEEEING.
  7719 | D:8      | HP: 8/91 [poisoned by a kobold brigand]
  7720 | D:8      | 7720 ||| FLEEEEING.
  7721 | D:8      | 7721 ||| FLEEEEING.
  7722 | D:8      | 7722 ||| FLEEEEING.
  7723 | D:8      | 7723 ||| FLEEEEING.
  7724 | D:8      | 7724 ||| FLEEEEING.
  7725 | D:8      | 7725 ||| FLEEEEING.
  7726 | D:8      | 7726 ||| FLEEEEING.
  7727 | D:8      | 7727 ||| FLEEEEING.
  7728 | D:8      | 7728 ||| FLEEEEING.
  7729 | D:8      | 7729 ||| FLEEEEING.
  7730 | D:8      | 7730 ||| FLEEEEING.
  7731 | D:8      | 7731 ||| FLEEEEING.
  7732 | D:8      | 7732 ||| FLEEEEING.
  7733 | D:8      | 7733 ||| FLEEEEING.
  7734 | D:8      | 7734 ||| FLEEEEING.
  7735 | D:8      | 7735 ||| STAIRDANCE
  8090 | D:8      | Noticed a purple ugly thing
  8090 | D:8      | Noticed a cyclops
  8091 | D:8      | 8091 ||| Stepping ~*~*~tactically~*~*~ (hiding).
  8097 | D:8      | Identified the +8 hand axe of Punishment {vorpal, Int+3}
  8097 | D:8      | Noticed a tengu warrior
  8098 | D:8      | Killed a purple ugly thing
  8103 | D:8      | Noticed a manticore
  8104 | D:8      | Killed a tengu warrior
  8105 | D:8      | Reached skill level 16 in Axes
  8105 | D:8      | Identified the +1 war axe of Courage {protect, *Rage rF+
                  | Str+4 Int+3}
  8105 | D:8      | Noticed a centaur warrior
  8106 | D:8      | 8106 ||| INVOKING Berserk.
  8109 | D:8      | Killed a manticore
  8110 | D:8      | Reached XP level 11. HP: 97/97 MP: 8/8
  8118 | D:8      | Killed a centaur warrior
  8190 | D:8      | Identified the +3 plate armour of Makhleb's Fury {rElec rC-
                  | Int+2}
  8249 | D:8      | Found a staircase to the Lair.
  8256 | D:8      | 8256 ||| INVOKING Berserk.
  8463 | D:8      | 8463 ||| Stepping ~*~*~tactically~*~*~ (hiding).
  8620 | D:8      | 8620 ||| Stepping ~*~*~tactically~*~*~ (stealth).
  8639 | D:8      | 8639 ||| Stepping ~*~*~tactically~*~*~ (hiding).
  8641 | D:8      | 8641 ||| Stepping ~*~*~tactically~*~*~ (hiding).
  8732 | D:8      | 8732 ||| Stepping ~*~*~tactically~*~*~ (water).
  8874 | D:8      | Found a faded altar of an unknown god.
  8874 | D:8      | Found a faded altar of an unknown god.
  8886 | D:8      | Reached ***** piety under Trog
  8894 | D:8      | Found a hazy altar of Hepliaklqana.
  9104 | D:8      | 9104 ||| Stepping ~*~*~tactically~*~*~ (stealth).
  9231 | D:8      | 9231 ||| PLANNING LAIR
  9231 | D:8      | 9231 ||| UPGRADING to +0 buckler.
  9236 | D:8      | 9236 ||| UPGRADING to +3 plate armour of Makhleb's Fury
                  | {rElec rC- Int+2}.
  9246 | D:8      | 9246 ||| DROPPING +0 plate armour.
  9247 | D:8      | 9247 ||| UPGRADING to amulet of the acrobat.
  9252 | D:8      | 9252 ||| DROPPING amulet of magic regeneration.
  9328 | Lair:1   | Entered Level 1 of the Lair of Beasts
  9330 | Lair:1   | 9330 ||| INVOKING Berserk.
  9530 | Lair:1   | 9530 ||| INVOKING Berserk.
  9532 | Lair:1   | Reached skill level 3 in Shields
  9680 | Lair:1   | 9680 ||| INVOKING Berserk.
 10367 | Lair:1   | Identified the ring of Divine Intervention {rElec SInv}
 10474 | Lair:1   | Reached skill level 6 in Shields
 10720 | Lair:1   | 10720 ||| READING 3 scrolls labelled XIOBUYROUM.
 10821 | Lair:1   | 10821 ||| READING 3 scrolls labelled HAOZIAKOTI.
 10822 | Lair:1   | 10822 ||| READING 3 scrolls of identify.
 10822 | Lair:1   | 10822 ||| IDENTIFYING brown potion
 10823 | Lair:1   | 10823 ||| READING 2 scrolls of identify.
 10823 | Lair:1   | 10823 ||| IDENTIFYING sapphire potion
 10824 | Lair:1   | 10824 ||| DROPPING 2 scrolls of silence.
 10825 | Lair:1   | 10825 ||| DROPPING potion of lignification.
 10826 | Lair:1   | 10826 ||| DROPPING potion of flight.
 10827 | Lair:1   | 10827 ||| DROPPING 2 scrolls of blinking.
 11116 | Lair:2   | Reached skill level 9 in Armour
 11161 | Lair:2   | Identified the +2 robe of Tiumyrux {rCorr}
 11316 | Lair:2   | 11316 ||| Stepping ~*~*~tactically~*~*~ (hiding).
 11332 | Lair:2   | Found a staircase to the Shoals.
 11378 | Lair:2   | 11378 ||| Stepping ~*~*~tactically~*~*~ (stealth).
 11388 | Lair:2   | 11388 ||| Stepping ~*~*~tactically~*~*~ (stealth).
 11473 | Lair:2   | 11473 ||| Stepping ~*~*~tactically~*~*~ (stealth).
 11771 | Lair:2   | 11771 ||| READING scroll labelled DYIRCH ZATSY.
 11772 | Lair:2   | 11772 ||| DRINKING 2 red potions.
 11839 | Lair:3   | Found a hole to the Spider Nest.
 11839 | Lair:3   | Noticed an orb spider
 11840 | Lair:3   | 11840 ||| INVOKING Brothers in Arms.
 11844 | Lair:3   | 11844 ||| READING 2 scrolls of teleportation.
 11845 | Lair:3   | 11845 ||| Stepping randomly (stuck).
 11846 | Lair:3   | Noticed a seven-headed hydra
 11847 | Lair:3   | 11847 ||| INVOKING Brothers in Arms.
 11848 | Lair:3   | 11848 ||| SWAPPING to +0 flail.
 11849 | Lair:3   | 11849 ||| INVOKING Berserk.
 11850 | Lair:3   | Reached XP level 12. HP: 110/110 MP: 9/9
 11852 | Lair:3   | Killed a seven-headed hydra
 11857 | Lair:3   | 11857 ||| SWAPPING to +0 war axe.
 11989 | Lair:3   | 11989 ||| Stepping ~*~*~tactically~*~*~ (stealth).
 11991 | Lair:3   | 11991 ||| Stepping ~*~*~tactically~*~*~ (stealth).
 12014 | Lair:3   | 12014 ||| Stepping ~*~*~tactically~*~*~ (cloud).
 12015 | Lair:3   | 12015 ||| INVOKING Berserk.
 12248 | Lair:3   | Found a runed translucent door.
 12249 | Lair:3   | Noticed qw's ghost (journeyman GrBe)
 12262 | Lair:3   | Noticed Sonja
 12271 | Lair:3   | Killed Sonja
 12633 | Lair:3   | 12633 ||| INVOKING Berserk.
 12973 | Lair:3   | Noticed a seven-headed hydra
 12974 | Lair:3   | 12974 ||| INVOKING Brothers in Arms.
 12976 | Lair:3   | 12976 ||| SWAPPING to +0 flail.
 12978 | Lair:3   | 12978 ||| INVOKING Berserk.
 12980 | Lair:3   | Noticed a six-headed hydra
 12983 | Lair:3   | Killed a seven-headed hydra
 12984 | Lair:3   | Reached skill level 12 in Fighting
 12989 | Lair:3   | Killed a six-headed hydra
 13057 | Lair:3   | 13057 ||| SWAPPING to +0 war axe.
 13264 | Lair:3   | 13264 ||| UPGRADING to +0 pair of gloves.
 13269 | Lair:3   | 13269 ||| FLEEEEING.
 13270 | Lair:3   | 13270 ||| FLEEEEING.
 13278 | Lair:3   | 13278 ||| STAIRDANCE
 13514 | Lair:2   | 13514 ||| DROPPING ring of flight.
 13528 | Lair:3   | 13528 ||| READING 2 scrolls of teleportation.
 13529 | Lair:3   | 13529 ||| FLEEEEING.
 13753 | Lair:3   | 13753 ||| READING scroll of teleportation.
 13757 | Lair:3   | 13757 ||| Stepping randomly (stuck).
 13758 | Lair:3   | 13758 ||| Stepping randomly (stuck).
 13764 | Lair:3   | 13764 ||| Stepping randomly (stuck).
 13765 | Lair:3   | 13765 ||| Stepping randomly (stuck).
 13766 | Lair:3   | 13766 ||| FLEEEEING.
 13768 | Lair:3   | 13768 ||| FLEEEEING.
 13771 | Lair:3   | 13771 ||| FLEEEEING.
 13772 | Lair:3   | 13772 ||| FLEEEEING.
 13774 | Lair:3   | 13774 ||| FLEEEEING.
 13777 | Lair:3   | 13777 ||| FLEEEEING.
 13780 | Lair:3   | 13780 ||| FLEEEEING.
 13783 | Lair:3   | 13783 ||| FLEEEEING.
 13784 | Lair:3   | 13784 ||| FLEEEEING.
 13786 | Lair:3   | 13786 ||| FLEEEEING.
 13789 | Lair:3   | 13789 ||| FLEEEEING.
 13792 | Lair:3   | 13792 ||| FLEEEEING.
 13795 | Lair:3   | 13795 ||| FLEEEEING.
 13796 | Lair:3   | 13796 ||| FLEEEEING.
 13798 | Lair:3   | 13798 ||| FLEEEEING.
 13801 | Lair:3   | 13801 ||| FLEEEEING.
 13804 | Lair:3   | 13804 ||| FLEEEEING.
 13807 | Lair:3   | 13807 ||| FLEEEEING.
 13810 | Lair:3   | 13810 ||| FLEEEEING.
 13812 | Lair:3   | 13812 ||| FLEEEEING.
 13814 | Lair:3   | 13814 ||| FLEEEEING.
 13817 | Lair:3   | 13817 ||| FLEEEEING.
 13818 | Lair:3   | 13818 ||| FLEEEEING.
 13820 | Lair:3   | 13820 ||| FLEEEEING.
 13823 | Lair:3   | 13823 ||| FLEEEEING.
 13824 | Lair:3   | 13824 ||| FLEEEEING.
 13826 | Lair:3   | 13826 ||| FLEEEEING.
 13829 | Lair:3   | 13829 ||| FLEEEEING.
 13832 | Lair:3   | 13832 ||| FLEEEEING.
 13835 | Lair:3   | 13835 ||| FLEEEEING.
 13836 | Lair:3   | 13836 ||| FLEEEEING.
 13838 | Lair:3   | 13838 ||| FLEEEEING.
 13841 | Lair:3   | 13841 ||| FLEEEEING.
 13844 | Lair:3   | 13844 ||| FLEEEEING.
 13847 | Lair:3   | 13847 ||| FLEEEEING.
 13850 | Lair:3   | 13850 ||| FLEEEEING.
 13852 | Lair:3   | 13852 ||| FLEEEEING.
 13854 | Lair:3   | 13854 ||| FLEEEEING.
 13857 | Lair:3   | 13857 ||| FLEEEEING.
 13860 | Lair:3   | 13860 ||| FLEEEEING.
 13863 | Lair:3   | 13863 ||| FLEEEEING.
 13864 | Lair:3   | 13864 ||| FLEEEEING.
 13866 | Lair:3   | 13866 ||| FLEEEEING.
 13869 | Lair:3   | 13869 ||| FLEEEEING.
 13872 | Lair:3   | 13872 ||| FLEEEEING.
 13874 | Lair:3   | 13874 ||| FLEEEEING.
 13876 | Lair:3   | 13876 ||| FLEEEEING.
 13879 | Lair:3   | 13879 ||| FLEEEEING.
 13882 | Lair:3   | 13882 ||| FLEEEEING.
 13885 | Lair:3   | 13885 ||| FLEEEEING.
 13886 | Lair:3   | 13886 ||| FLEEEEING.
 13888 | Lair:3   | 13888 ||| FLEEEEING.
 13891 | Lair:3   | 13891 ||| FLEEEEING.
 13894 | Lair:3   | 13894 ||| FLEEEEING.
 13897 | Lair:3   | 13897 ||| FLEEEEING.
 13898 | Lair:3   | 13898 ||| FLEEEEING.
 13900 | Lair:3   | 13900 ||| FLEEEEING.
 13903 | Lair:3   | 13903 ||| FLEEEEING.
 13906 | Lair:3   | 13906 ||| FLEEEEING.
 13909 | Lair:3   | 13909 ||| FLEEEEING.
 13910 | Lair:3   | 13910 ||| FLEEEEING.
 13911 | Lair:3   | 13911 ||| FLEEEEING.
 14067 | Lair:4   | 14067 ||| Stepping ~*~*~tactically~*~*~ (hiding).
 14265 | Lair:4   | 14265 ||| FLEEEEING.
 14266 | Lair:4   | 14266 ||| FLEEEEING.
 14267 | Lair:4   | 14267 ||| FLEEEEING.
 14268 | Lair:4   | 14268 ||| FLEEEEING.
 14269 | Lair:4   | 14269 ||| FLEEEEING.
 14378 | Lair:4   | 14378 ||| FLEEEEING.
 14379 | Lair:4   | 14379 ||| FLEEEEING.
 14380 | Lair:4   | 14380 ||| FLEEEEING.
 14381 | Lair:4   | 14381 ||| FLEEEEING.
 14383 | Lair:4   | 14383 ||| FLEEEEING.
 14384 | Lair:4   | 14384 ||| FLEEEEING.
 14385 | Lair:4   | 14385 ||| FLEEEEING.
 14386 | Lair:4   | 14386 ||| FLEEEEING.
 14393 | Lair:4   | 14393 ||| STAIRDANCE
 14598 | Lair:3   | 14598 ||| DRINKING 2 smoky puce potions.
 14742 | Lair:4   | Noticed a six-headed hydra
 14743 | Lair:4   | 14743 ||| Stepping ~*~*~tactically~*~*~ (stealth).
 14748 | Lair:4   | 14748 ||| Stepping ~*~*~tactically~*~*~ (stealth).
 14749 | Lair:4   | 14749 ||| Stepping ~*~*~tactically~*~*~ (stealth).
 14750 | Lair:4   | 14750 ||| Stepping ~*~*~tactically~*~*~ (stealth).
 14754 | Lair:4   | 14754 ||| SWAPPING to +0 flail.
 14756 | Lair:4   | 14756 ||| INVOKING Berserk.
 14759 | Lair:4   | Killed a six-headed hydra
 14771 | Lair:4   | 14771 ||| SWAPPING to +0 war axe.
 15070 | Lair:4   | 15070 ||| INVOKING Berserk.
 15201 | Lair:4   | 15201 ||| INVOKING Berserk.
 15206 | Lair:4   | Reached skill level 6 in Dodging
 15343 | Lair:4   | 15343 ||| INVOKING Berserk.
 15729 | Lair:4   | 15729 ||| READING scroll of enchant armour.
 15729 | Lair:4   | 15729 ||| ENCHANTING +0 pair of gloves.
 15759 | Lair:4   | 15759 ||| DROPPING +3 whip.
 15848 | Lair:4   | Found a runed translucent door.
 15848 | Lair:4   | Found a viscous altar of Jiyva.
 15849 | Lair:4   | Noticed an azure jelly
 15849 | Lair:4   | Noticed an azure jelly
 15862 | Lair:4   | Found a staircase to the Slime Pits.
 16025 | Lair:4   | 16025 ||| FLEEEEING.
 16026 | Lair:4   | 16026 ||| FLEEEEING.
 16027 | Lair:4   | 16027 ||| FLEEEEING.
 16028 | Lair:4   | 16028 ||| FLEEEEING.
 16038 | Lair:4   | 16038 ||| STAIRDANCE
 16203 | Lair:4   | 16203 ||| FLEEEEING.
 16204 | Lair:4   | 16204 ||| FLEEEEING.
 16205 | Lair:4   | 16205 ||| FLEEEEING.
 16206 | Lair:4   | 16206 ||| FLEEEEING.
 16207 | Lair:4   | 16207 ||| FLEEEEING.
 16208 | Lair:4   | 16208 ||| FLEEEEING.
 16209 | Lair:4   | 16209 ||| FLEEEEING.
 16210 | Lair:4   | 16210 ||| FLEEEEING.
 16211 | Lair:4   | 16211 ||| FLEEEEING.
 16212 | Lair:4   | 16212 ||| FLEEEEING.
 16213 | Lair:4   | 16213 ||| FLEEEEING.
 16476 | Lair:5   | Entered Level 5 of the Lair of Beasts
 16522 | Lair:5   | 16522 ||| Stepping ~*~*~tactically~*~*~ (stealth).
 16526 | Lair:5   | 16526 ||| INVOKING Berserk.
 16547 | Lair:5   | Noticed a death yak
 16554 | Lair:5   | Noticed a death yak
 16555 | Lair:5   | 16555 ||| Stepping ~*~*~tactically~*~*~ (stealth).
 16561 | Lair:5   | Noticed a death yak
 16568 | Lair:5   | Killed a death yak
 16578 | Lair:5   | Killed a death yak
 16579 | Lair:5   | Reached skill level 12 in Armour
 16581 | Lair:5   | Reached XP level 13. HP: 100/122 MP: 10/10
 16586 | Lair:5   | 16586 ||| INVOKING Berserk.
 16602 | Lair:5   | 16602 ||| Stepping ~*~*~tactically~*~*~ (stealth).
 16605 | Lair:5   | 16605 ||| FLEEEEING.
 16611 | Lair:5   | 16611 ||| Stepping ~*~*~tactically~*~*~ (hiding).
 16615 | Lair:5   | Reached skill level 9 in Shields
 16638 | Lair:5   | 16638 ||| INVOKING Berserk.
 16748 | Lair:5   | Noticed a dire elephant
 16754 | Lair:5   | 16754 ||| INVOKING Berserk.
 16757 | Lair:5   | Killed a dire elephant
 16777 | Lair:5   | 16777 ||| Stepping ~*~*~tactically~*~*~ (stealth).
 16877 | Lair:5   | 16877 ||| INVOKING Berserk.
 16900 | Lair:5   | 16900 ||| FLEEEEING.
 16901 | Lair:5   | 16901 ||| FLEEEEING.
 16927 | Lair:5   | 16927 ||| INVOKING Trog's Hand.
 16934 | Lair:5   | 16934 ||| INVOKING Berserk.
 16937 | Lair:5   | Found the ring of the Octopus King
 16948 | Lair:5   | 16948 ||| INVOKING Trog's Hand.
 16952 | Lair:5   | 16952 ||| Stepping ~*~*~tactically~*~*~ (water).
 16953 | Lair:5   | 16953 ||| FLEEEEING.
 16957 | Lair:5   | 16957 ||| Stepping ~*~*~tactically~*~*~ (water).
 16957 | Lair:5   | HP: 28/124 [drowned by a drowned soul[a merfolk avatar]
                  | (13)]
 16957 | Lair:5   | HP: 13/124 [drowned by a drowned soul[a merfolk avatar]
                  | (15)]
 16957 | Lair:5   | Drowned by a drowned soul

Levels and vault maps discovered:
D:1:      dpeg_arrival_simpleton_b, layout_loops_corners
D:2:      layout_basic, basic_ecumenical_altar
D:3:      layout_loops_ring
D:4:      minmay_razor_zed, layout_rooms, mainiacjoe_overflow_brackets,
          mainiacjoe_overflow_paths, hangedman_feature_mirror,
          minmay_statues_item, feat_on_display, uniq_eustachio
D:5:      layout_basic, uniq_sigmund
D:6:      lemuel_insect_pit, layout_loops_cross, minmay_manual_mess,
          uniq_prince_ribbit1
D:7:      gammafunk_corrupted_shrine, layout_loops_ring,
          minmay_temple_entry_wispy, hellmonk_guarded_unrand_gyre_and_gimble
D:8:      minmay_the_grid_triangle_9x9_recursive_2
          [minmay_the_grid_triangle_9x9_prize_center,
          minmay_the_grid_triangle_9x9_swiss_cheese,
          minmay_the_grid_triangle_9x9_minimal,
          minmay_the_grid_triangle_9x9_pentomino_pain], layout_basic,
          nicolae_hepliaklqana_ecumenical_no_more, erik_lair_island,
          enter_bailey_4, kennysheep_just_a_vault
Lair:1:   layout_cave_shapes
Lair:2:   layout_roguey, minmay_shoals_entry_lonely_mermaid
Lair:3:   layout_loops_ring, nicolae_spider_entry_orb_guardian,
          ebering_ghost_inner_flame, serial_bayou_pond_c,
          hangedman_lair_generics_rect, uniq_sonja
Lair:4:   dpeg_oklob_gauntlet, layout_layer_cave, slime_entry_2,
          nicolae_lair_liquid_snakes
Lair:5:   gammafunk_lair_ancient_temple, layout_concentric_octagons,
          ebering_ghost_xom, minivault_27

Skill      XL: |  1  2  3  4  5  6  7  8  9 10 11 12 13 |
---------------+----------------------------------------+-----
Axes           | 4 5 6 8 9 10 12 14 16 | 16.0
Throwing       | 1 2 3 4 5 |  5.9
Fighting       | 4 5 6 8 9 11 13 14 | 14.0
Armour         | 4 5 7 9 12 | 12.0
Dodging        | 3 4 6 |  6.4
Shields        | 7 8 9 |  9.0

Action                   |  1- 3 |  4- 6 |  7- 9 | 10-12 | 13-15 || total
-------------------------+-------+-------+-------+-------+-------++-------
Melee: Hand axe          |     7 |       |       |       |       ||     7
       War axe           |    82 |    41 |   130 |   376 |    81 ||   710
       Headbutt          |     6 |     6 |    20 |    95 |    17 ||   144
       Punch             |       |       |     2 |       |       ||     2
       Flail             |       |       |       |    16 |       ||    16
Throw: Boomerang         |     3 |     8 |    23 |    63 |    15 ||   112
       Javelin           |       |    29 |    35 |    26 |       ||    90
Invok: Berserk           |     1 |     4 |    12 |    17 |     5 ||    39
       Brothers in Arms  |       |       |       |     3 |       ||     3
       Trog's Hand       |       |       |       |       |     2 ||     2
  Use: Scroll            |     2 |     2 |     9 |    11 |       ||    24
       Potion            |       |     2 |     2 |     4 |       ||     8
Armor: Animal skin       |     4 |       |       |       |       ||     4
       Scale mail        |    26 |     7 |       |       |       ||    33
       Chain mail        |       |     5 |    43 |     7 |       ||    55
       Plate armour      |       |       |       |   194 |    40 ||   234
Dodge: Dodged            |    48 |    17 |    57 |   134 |    27 ||   283
Block: Buckler           |       |       |       |    61 |    16 ||    77

Table legend:
 A = Non-vault XP
 B = Vault XP
 C = Vault XP percentage of total XP
 D = Non-vault monster count
 E = Vault monster count
 F = Vault count percentage of total count
                 A         B        C        D         E       F
            +---------+---------+-------+---------+---------+-------
      Total |   24627 |   20779 |  45.8 |     258 |      85 |  24.8
            +---------+---------+-------+---------+---------+-------
        D:1 |      39 |       0 |   0.0 |      22 |       0 |   0.0
        D:2 |      64 |       0 |   0.0 |      28 |       0 |   0.0
        D:3 |     133 |       0 |   0.0 |      22 |       0 |   0.0
        D:4 |     446 |     602 |  57.4 |      17 |      17 |  50.0
        D:5 |    1083 |     223 |  17.1 |      25 |       1 |   3.8
        D:6 |    1164 |    1039 |  47.2 |      19 |      10 |  34.5
        D:7 |    1307 |    1864 |  58.8 |      36 |       3 |   7.7
        D:8 |    1693 |    5502 |  76.5 |      22 |      25 |  53.2
     Lair:1 |    2937 |       0 |   0.0 |      13 |       0 |   0.0
     Lair:2 |    3164 |     506 |  13.8 |       8 |       1 |  11.1
     Lair:3 |    2611 |    3936 |  60.1 |      14 |       7 |  33.3
     Lair:4 |    3372 |    2583 |  43.4 |      11 |      10 |  47.6
     Lair:5 |    6614 |    4524 |  40.6 |      21 |      11 |  34.4
            +---------+---------+-------+---------+---------+-------
